Selects Airborne Battlegroup
Selects Heavy Machine Gun Paradrop
Heavy Machine Gun Paradrop
Construct Weapon Support Center
Construct Medical Station
Selects Paratrooper Squad Paradrop
Mechanized Support Center
Paratrooper Squad Paradrop
Paratrooper Squad Paradrop
Improved M9 Bazooka Rockets
Designate Forward Repair Station
Selects Carpet Bombing Run
M4A1(76) Sherman Medium Tank
Heavy Machine Gun Paradrop
Heavy Machine Gun Paradrop
Selects Anti-tank Gun Team Paradrop
M4A1(76) Sherman Medium Tank